[ AOE2 MATCH · #477914883 ]
UnrankedKhmer vs Byzantines
[ REPLAY ANALYSIS · EXTRACTED FROM THE RECORDED GAME ]
Feudal
11:22
Castle
—
Imperial
—
| APM avg | 12.6 |
| APM peak | 36 |
| eAPM avg | 8.5 |
| Villagers / military | 23 / 0 |
Focus
⚔️ 16.7% · 🌾 83.3%
Feudal
10:56
Castle
—
Imperial
—
| APM avg | 21.1 |
| APM peak | 66 |
| eAPM avg | 9.3 |
| Villagers / military | 25 / 0 |
Focus
⚔️ 7.0% · 🌾 93.0%
Feudal
11:23
Castle
—
Imperial
—
| APM avg | 16.2 |
| APM peak | 52 |
| eAPM avg | 7.3 |
| Villagers / military | 30 / 0 |
Focus
⚔️ 1.3% · 🌾 98.7%
Feudal
12:12
Castle
—
Imperial
—
| APM avg | 15.6 |
| APM peak | 42 |
| eAPM avg | 10.5 |
| Villagers / military | 25 / 0 |
Focus
⚔️ 8.1% · 🌾 91.9%
Feudal
10:34
Castle
—
Imperial
—
| APM avg | 23.9 |
| APM peak | 55 |
| eAPM avg | 10.6 |
| Villagers / military | 30 / 0 |
Focus
⚔️ 6.0% · 🌾 94.0%
Feudal
11:09
Castle
—
Imperial
—
| APM avg | 23.8 |
| APM peak | 56 |
| eAPM avg | 11.3 |
| Villagers / military | 25 / 0 |
Focus
⚔️ 14.5% · 🌾 85.5%
Feudal
11:54
Castle
—
Imperial
—
| APM avg | 24.3 |
| APM peak | 48 |
| eAPM avg | 12.3 |
| Villagers / military | 29 / 0 |
Focus
⚔️ 15.7% · 🌾 84.3%
Feudal
—
Castle
—
Imperial
—
| APM avg | 7.7 |
| APM peak | 90 |
| eAPM avg | 1.3 |
| Villagers / military | 8 / 0 |
Focus
⚔️ 0.0% · 🌾 100.0%
Match map
Initial resources + every placement click. Lines = walls · curves = elevation contours. ◆ gold · ⬟ stone · ● berries · ✦ relic · ◌ wall gap
Your base· ✓ Closed at 11:23 · 0t walls · 3 gate(s)
翻斗花园胡图图125's base· ✓ Closed at 12:16 · 0t walls · 2 gate(s)
张宇腾's base· ✓ Closed at 12:37 · 0t walls · 2 gate(s)
Chris Becker's base· ✓ Closed at 12:00 · 0t walls · 3 gate(s)
xcfotrp131's base· ✓ Closed at 12:19 · 0t walls · 3 gate(s)
kinwaleung18's base· ✓ Closed at 12:08 · 0t walls · 3 gate(s)
Nekomi's base· ✓ Closed at 12:00 · 1t walls · 5 gate(s)
Louis Croix V Baton's base· ✓ Closed at 12:00 · 0t walls · 2 gate(s)
Smoothed initial terrain · ◌ = detected wall gap · hover for details
Inputs per minute
— Hugo Stiglitz - - 翻斗花园胡图图125
Build order — Hugo Stiglitz
42 actions detected in the replay
| 0:01 | Create | Villager (Male) |
| 0:01 | Create | Villager (Male) |
| 0:02 | Create | Villager (Male) |
| 0:02 | Create | Villager (Male) |
| 0:04 | Build | House |
| 0:05 | Build | House |
| 1:38 | Create | Villager (Male) |
| 1:52 | Build | Lumber Camp |
| 2:01 | Create | Villager (Male) |
| 2:20 | Create | Villager (Male) |
| 2:53 | Create | Villager (Male) |
| 3:02 | Create | Villager (Male) |
| 3:32 | Build | Mill |
| 3:39 | Create | Villager (Male) |
| 3:55 | Build | House |
| 4:12 | Create | Villager (Male) |
| 4:12 | Create | Villager (Male) |
| 4:26 | Build | House |
| 5:27 | Create | Villager (Male) |
| 5:27 | Create | Villager (Male) |
| 5:28 | Create | Villager (Male) |
| 5:46 | Create | Villager (Male) |
| 5:46 | Create | Villager (Male) |
| 6:32 | Create | Villager (Male) |
| 6:55 | Create | Villager (Male) |
| 6:55 | Create | Villager (Male) |
| 6:55 | Create | Villager (Male) |
| 6:59 | Create | Villager (Male) |
| 7:15 | Build | Farm |
| 7:17 | Build | Farm |
| 7:22 | Build | Farm |
| 7:24 | Create | Villager (Male) |
| 8:42 | Build | Mining Camp |
| 8:54 | Research | Feudal Age |
| 9:08 | Build | Farm |
| 9:50 | Build | Farm |
| 11:22 | Age | Feudal Age |
| 11:23 | Research | Castle Age |
| 11:32 | Research | Double-Bit Axe |
| 11:34 | Research | Horse Collar |
| 12:10 | Build | Farm |
| 12:13 | Build | Farm |
Build order — 翻斗花园胡图图125
46 actions detected in the replay
| 0:01 | Create | Villager (Male) |
| 0:01 | Create | Villager (Male) |
| 0:02 | Create | Villager (Male) |
| 0:02 | Create | Villager (Male) |
| 0:03 | Build | House |
| 0:05 | Build | House |
| 1:30 | Create | Villager (Male) |
| 1:52 | Build | Lumber Camp |
| 2:05 | Create | Villager (Male) |
| 2:21 | Create | Villager (Male) |
| 2:47 | Create | Villager (Male) |
| 3:01 | Build | House |
| 3:02 | Build | House |
| 3:05 | Create | Villager (Male) |
| 3:35 | Create | Villager (Male) |
| 4:06 | Create | Villager (Male) |
| 4:29 | Create | Villager (Male) |
| 4:55 | Create | Villager (Male) |
| 5:17 | Create | Villager (Male) |
| 5:28 | Create | Villager (Male) |
| 5:56 | Build | House |
| 5:57 | Build | Mill |
| 6:07 | Create | Villager (Male) |
| 6:29 | Create | Villager (Male) |
| 6:32 | Create | Villager (Male) |
| 6:41 | Create | Villager (Male) |
| 6:46 | Build | Mill |
| 6:57 | Create | Villager (Male) |
| 7:55 | Create | Villager (Male) |
| 8:26 | Build | Mining Camp |
| 8:28 | Research | Feudal Age |
| 9:40 | Create | Villager (Male) |
| 9:41 | Create | Villager (Male) |
| 9:47 | Build | Farm |
| 9:53 | Build | Farm |
| 9:58 | Build | Farm |
| 10:10 | Build | Farm |
| 10:56 | Age | Feudal Age |
| 11:02 | Build | Market |
| 11:38 | Build | Blacksmith |
| 11:47 | Create | Villager (Male) |
| 12:11 | Build | House |
| 12:14 | Create | Villager (Male) |
| 12:16 | Research | Castle Age |
| 12:18 | Research | Double-Bit Axe |
| 12:31 | Build | House |
Build order — 张宇腾
40 actions detected in the replay
| 0:02 | Create | Villager (Male) ×4 |
| 0:02 | Create | Villager (Male) ×4 |
| 0:04 | Build | House |
| 0:06 | Build | House |
| 1:29 | Create | Villager (Male) |
| 1:55 | Build | Lumber Camp |
| 2:01 | Create | Villager (Male) |
| 2:20 | Create | Villager (Male) |
| 2:49 | Create | Villager (Male) |
| 3:09 | Create | Villager (Male) |
| 3:25 | Build | House |
| 3:27 | Build | House |
| 3:28 | Build | House |
| 3:34 | Create | Villager (Male) |
| 4:08 | Create | Villager (Male) |
| 4:23 | Create | Villager (Male) |
| 4:28 | Build | Mill |
| 4:58 | Create | Villager (Male) |
| 4:59 | Create | Villager (Male) |
| 5:28 | Create | Villager (Male) |
| 5:28 | Create | Villager (Male) |
| 5:46 | Create | Villager (Male) |
| 6:03 | Create | Villager (Male) |
| 6:08 | Build | Farm |
| 6:22 | Create | Villager (Male) |
| 6:46 | Create | Villager (Male) |
| 7:11 | Create | Villager (Male) |
| 7:41 | Create | Villager (Male) |
| 7:50 | Create | Villager (Male) |
| 7:56 | Create | Villager (Male) |
| 8:56 | Build | Mining Camp |
| 9:07 | Research | Feudal Age |
| 9:13 | Build | Farm |
| 9:28 | Build | Farm |
| 9:36 | Create | Villager (Male) |
| 9:37 | Create | Villager (Male) |
| 11:23 | Age | Feudal Age |
| 11:26 | Build | Market |
| 11:32 | Build | Blacksmith |
| 12:37 | Research | Castle Age |
Build order — Chris Becker
49 actions detected in the replay
| 0:01 | Create | Villager (Male) |
| 0:01 | Create | Villager (Male) |
| 0:01 | Create | Villager (Male) |
| 0:03 | Build | House |
| 0:05 | Build | House |
| 0:16 | Create | Villager (Male) |
| 1:29 | Create | Villager (Male) |
| 1:45 | Build | Lumber Camp |
| 2:04 | Create | Villager (Male) |
| 2:18 | Create | Villager (Male) |
| 2:50 | Create | Villager (Male) |
| 3:19 | Create | Villager (Male) |
| 3:26 | Build | House |
| 3:34 | Research | Double-Bit Axe |
| 3:43 | Create | Villager (Male) |
| 4:34 | Create | Villager (Male) |
| 4:39 | Build | Mill |
| 4:54 | Create | Villager (Male) |
| 4:56 | Create | Villager (Male) |
| 5:40 | Create | Villager (Male) |
| 5:55 | Build | House |
| 6:15 | Create | Villager (Male) |
| 6:24 | Build | Mill |
| 6:27 | Create | Villager (Male) |
| 6:27 | Create | Villager (Male) |
| 6:30 | Build | House |
| 6:31 | Build | House |
| 6:38 | Create | Villager (Male) |
| 7:31 | Build | Mining Camp |
| 7:55 | Create | Villager (Male) |
| 8:18 | Research | Horse Collar |
| 8:22 | Create | Villager (Male) |
| 8:33 | Create | Villager (Male) |
| 9:08 | Create | Villager (Male) |
| 9:34 | Create | Villager (Male) |
| 9:55 | Research | Feudal Age |
| 10:54 | Build | Farm |
| 10:57 | Build | Farm |
| 11:00 | Build | Farm |
| 11:02 | Build | Farm |
| 11:05 | Build | Farm |
| 11:07 | Build | Farm |
| 11:20 | Create | Villager (Male) |
| 11:22 | Build | Farm |
| 11:59 | Build | House |
| 12:03 | Build | House |
| 12:12 | Age | Feudal Age |
| 12:15 | Create | Villager (Male) |
| 12:47 | Build | Market |
Build order — xcfotrp131
54 actions detected in the replay
| 0:01 | Create | Villager (Male) |
| 0:01 | Create | Villager (Male) |
| 0:03 | Build | House |
| 0:11 | Create | Villager (Male) |
| 0:11 | Create | Villager (Male) |
| 0:11 | Create | Villager (Male) |
| 1:26 | Create | Villager (Male) |
| 1:48 | Build | House |
| 1:49 | Build | House |
| 1:57 | Create | Villager (Male) |
| 1:57 | Create | Villager (Male) |
| 2:13 | Build | Lumber Camp |
| 2:15 | Create | Villager (Male) |
| 2:49 | Create | Villager (Male) |
| 2:50 | Create | Villager (Male) |
| 3:00 | Create | Villager (Male) |
| 3:00 | Create | Villager (Male) |
| 3:32 | Create | Villager (Male) |
| 3:43 | Create | Villager (Male) |
| 3:43 | Create | Villager (Male) |
| 4:29 | Create | Villager (Male) |
| 4:29 | Create | Villager (Male) |
| 4:43 | Build | Mill |
| 5:04 | Create | Villager (Male) |
| 5:05 | Create | Villager (Male) |
| 5:30 | Create | Villager (Male) |
| 5:59 | Build | House |
| 6:00 | Create | Villager (Male) |
| 6:01 | Create | Villager (Male) |
| 6:27 | Build | Mill |
| 6:45 | Create | Villager (Male) |
| 6:45 | Create | Villager (Male) |
| 6:46 | Create | Villager (Male) |
| 7:24 | Build | Farm |
| 7:28 | Build | Farm |
| 8:14 | Research | Feudal Age |
| 8:20 | Build | Mining Camp |
| 9:06 | Build | House |
| 9:36 | Build | Farm |
| 10:07 | Create | Villager (Male) |
| 10:08 | Create | Villager (Male) |
| 10:11 | Create | Villager (Male) |
| 10:34 | Age | Feudal Age |
| 10:37 | Build | Market |
| 10:43 | Build | Blacksmith |
| 11:35 | Build | House |
| 11:44 | Create | Villager (Male) |
| 11:53 | Build | Farm |
| 11:59 | Build | House |
| 12:01 | Build | House |
| 12:19 | Research | Castle Age |
| 12:30 | Build | Farm |
| 12:47 | Build | House |
| 12:48 | Build | House |
Build order — kinwaleung18
43 actions detected in the replay
| 0:02 | Create | Villager (Male) ×4 |
| 0:04 | Build | House |
| 0:06 | Build | House |
| 1:28 | Create | Villager (Male) |
| 2:02 | Create | Villager (Male) |
| 2:02 | Create | Villager (Male) |
| 2:20 | Create | Villager (Male) |
| 2:20 | Create | Villager (Male) |
| 2:56 | Create | Villager (Male) |
| 3:14 | Build | House |
| 3:19 | Create | Villager (Male) |
| 3:52 | Create | Villager (Male) |
| 4:08 | Build | Lumber Camp |
| 4:20 | Create | Villager (Male) |
| 4:48 | Create | Villager (Male) |
| 4:48 | Create | Villager (Male) |
| 4:48 | Create | Villager (Male) |
| 4:48 | Create | Villager (Male) |
| 4:49 | Create | Villager (Male) |
| 5:17 | Build | House |
| 5:33 | Create | Villager (Male) |
| 5:34 | Create | Villager (Male) |
| 6:26 | Build | Mining Camp |
| 7:15 | Build | Mill |
| 7:27 | Create | Villager (Male) |
| 7:28 | Create | Villager (Male) |
| 7:47 | Create | Villager (Male) |
| 8:07 | Build | Farm |
| 8:59 | Research | Feudal Age |
| 8:59 | Research | Feudal Age |
| 9:05 | Build | Farm |
| 10:33 | Build | Farm |
| 10:38 | Build | Farm |
| 10:40 | Create | Villager (Male) |
| 10:41 | Create | Villager (Male) |
| 10:45 | Build | House |
| 11:09 | Age | Feudal Age |
| 11:12 | Build | Blacksmith |
| 11:20 | Build | Market |
| 12:08 | Research | Castle Age |
| 12:09 | Research | Double-Bit Axe |
| 12:34 | Research | Horse Collar |
| 12:34 | Research | Horse Collar |
Build order — Nekomi
52 actions detected in the replay
| 0:01 | Create | Villager (Male) |
| 0:02 | Create | Villager (Male) |
| 0:02 | Create | Villager (Male) |
| 0:02 | Create | Villager (Male) |
| 0:02 | Create | Villager (Male) |
| 0:03 | Build | House |
| 0:05 | Build | House |
| 1:49 | Create | Villager (Male) |
| 2:01 | Create | Villager (Male) |
| 2:15 | Create | Villager (Male) |
| 2:19 | Build | Lumber Camp |
| 2:44 | Create | Villager (Male) |
| 2:44 | Create | Villager (Male) |
| 2:57 | Create | Villager (Male) |
| 3:16 | Create | Villager (Male) |
| 3:33 | Build | House |
| 3:34 | Create | Villager (Male) |
| 4:09 | Create | Villager (Male) |
| 4:25 | Build | House |
| 4:26 | Create | Villager (Male) |
| 4:51 | Build | Palisade Gate |
| 4:54 | Build | Palisade Gate |
| 5:22 | Build | Palisade Gate |
| 5:24 | Create | Villager (Male) |
| 5:28 | Build | Palisade Wall |
| 5:30 | Create | Villager (Male) |
| 5:44 | Create | Villager (Male) |
| 5:46 | Create | Villager (Male) |
| 6:09 | Build | Mill |
| 6:24 | Create | Villager (Male) |
| 6:45 | Create | Villager (Male) |
| 6:56 | Create | Villager (Male) |
| 7:10 | Create | Villager (Male) |
| 7:19 | Build | Farm |
| 7:24 | Create | Villager (Male) |
| 7:50 | Create | Villager (Male) |
| 7:58 | Build | Farm |
| 8:02 | Build | House |
| 8:06 | Create | Villager (Male) |
| 8:45 | Build | Farm |
| 8:56 | Create | Villager (Male) |
| 9:25 | Build | Mining Camp |
| 9:40 | Research | Feudal Age |
| 10:38 | Build | Mining Camp |
| 10:56 | Build | Farm |
| 10:59 | Build | Farm |
| 11:43 | Create | Villager (Male) |
| 11:43 | Create | Villager (Male) |
| 11:54 | Age | Feudal Age |
| 11:55 | Build | Market |
| 11:58 | Build | Blacksmith |
| 12:07 | Research | Double-Bit Axe |
Build order — Louis Croix V Baton
4 actions detected in the replay
| 0:01 | Create | Villager (Male) ×4 |
| 0:01 | Create | Villager (Male) ×4 |
| 0:03 | Build | House |
| 0:04 | Build | House |
Match timeline
| 2:43 | Louis Croix V Baton · resign |
| 5:28 | Nekomi · wall_segment Palisade Wall x1 |
| 10:34 | xcfotrp131 · age_up feudal |
| 10:56 | 翻斗花园胡图图125 · age_up feudal |
| 11:09 | kinwaleung18 · age_up feudal |
| 11:22 | Hugo Stiglitz · age_up feudal |
| 11:23 | 张宇腾 · age_up feudal |
| 11:54 | Nekomi · age_up feudal |
| 12:12 | Chris Becker · age_up feudal |
[ AI ANALYSIS · 1 CREDIT ]
What really happened in this match?
Wolo.gg analyzes every decision: build order, eco, micro, common mistakes by bracket. Personalized analysis on WhatsApp or Discord in 30 seconds.
Civ guide
Khmer
Perfil
Jugador #5143060